 Dungeon Crawl Stone Soup version 0.22.1-2-g9c5b331 (webtiles) character file.

81 empire the Covered (level 4, -1/39 HPs)
             Began as a Minotaur Fighter on Nov 15, 2018.
             Slain by an orc
             ... wielding a +0 antimagic trident
              (4 damage)
             ... on level 3 of the Dungeon.
             The game lasted 00:03:12 (1717 turns).

empire the Covered (Minotaur Fighter)               Turns: 1717, Time: 00:03:13

Health: -1/39      AC: 11    Str: 26    XL:     4   Next: 20%
Magic:  3/3        EV:  6    Int:  5    God:
Gold:   128        SH: 10    Dex: 10    Spells: 3/3 levels left

rFire    . . .     SeeInvis .   a - +0 long sword
rCold    . . .     Gourm    .   c - +0 shield
rNeg     . . .     Faith    .   i - +0 chain mail (curse)
rPois    .         Spirit   .   (helmet restricted)
rElec    .         Reflect  .   (no cloak)
rCorr    .         Harm     .   k - +0 pair of gloves
MR       .....                  (no boots)
Stlth    ..........             (no amulet)
HPRegen  0.13/turn              (no ring)
MPRegen  0.08/turn              (no ring)

@: mighty, flying
A: retaliatory headbutt, horns 2
a: no special abilities


You were on level 3 of the Dungeon.
You were not hungry.

You visited 1 branch of the dungeon, and saw 3 of its levels.

You collected 128 gold pieces.

Inventory:

Hand Weapons
 a - a +0 long sword (weapon)
Armour
 c - a +0 shield (worn)
 i - a cursed +0 chain mail (worn)
 k - a +0 pair of gloves (worn)
Scrolls
 e - 2 scrolls of remove curse {unknown}
 g - a scroll of teleportation {unknown}
 h - 8 scrolls of identify {unknown}
 l - a scroll of enchant weapon {unknown}
Potions
 d - a potion of might
 m - a potion of magic
Comestibles
 b - 2 chunks of flesh
 f - 7 rations


   Skills:
 - Level 3.6 Fighting
 * Level 4.2 Long Blades
 * Level 5.0 Armour
 - Level 3.6 Shields


You had 3 spell levels left.
You didn't know any spells.
Your spell library was empty.

Dungeon Overview and Level Annotations

Branches:
Dungeon (3/15)

Altars:
Trog


Innate Abilities, Weirdness & Mutations

You reflexively headbutt those who attack you in melee.
You have a pair of horns on your head.


Message History

A magic dart appears from out of thin air!
The magic dart hits you!
* * * LOW HITPOINT WARNING * * *
It was a potion of magic.
Magic courses through your body. You block the orc's attack.
You hear some strange, mumbled words.
A puff of flame appears from out of thin air!
The puff of flame hits you!
* * * LOW HITPOINT WARNING * * *
Unknown command.
It was a potion of flight.
You feel very buoyant.
You fly up into the air.
Something hits you but does no damage. You block the orc's attack.
You feel very mighty all of a sudden. Something hits you but does no damage.
You block the orc's attack.
You closely miss something. Your headbutt misses something.
Something hits you but does no damage.
The orc hits you with an antimagic trident.
You die...

### ... #.######
###?.....###.#..
.......)........
#....{[#
#...[@)#
#...o..# #
..###......# .#
...........###.#
#####.........#
#....(........#
#.............#
#.........###.#
#.......#.....#


You could see an orc.

Vanquished Creatures
  2 adders
  A dart slug (D:2)
  A leopard gecko (D:1)
  5 orcs (D:3)
  4 bats
  3 giant cockroaches
  10 goblins
  4 hobgoblins (D:1)
  5 jackals
  A ball python (D:1)
  A frilled lizard (D:3)
  9 kobolds
  6 rats
52 creatures vanquished.

Notes
Turn   | Place    | Note
-------+----------+-------------------------------------------
     0 | D:1      | empire the Minotaur Fighter began the quest for the Orb.
     0 | D:1      | Reached XP level 1. HP: 19/19 MP: 0/0
    99 | D:1      | Reached skill level 4 in Armour
   138 | D:1      | Reached XP level 2. HP: 25/26 MP: 1/1
   719 | D:1      | Reached XP level 3. HP: 31/31 MP: 2/2
  1343 | D:2      | Found a bloodstained altar of Trog.
  1613 | D:3      | Reached XP level 4. HP: 32/39 MP: 3/3
  1699 | D:3      | Reached skill level 5 in Armour
  1717 | D:3      | Slain by an orc

Skill      XL: |  1  2  3  4 |
---------------+-------------+-----
Armour         | 4 5 |  5.0
Long Blades    | 3 4 |  4.2
Fighting       | |  3.6
Shields        | |  3.6

Action                   |  1- 3 |  4- 6 || total
-------------------------+-------+-------++-------
Melee: Long sword        |   105 |    27 ||   132
       Headbutt          |    13 |     4 ||    17
  Use: Potion            |       |     3 ||     3
  Eat: Chunk             |     2 |     1 ||     3
Armor: Scale mail        |    18 |       ||    18
       Chain mail        |    48 |    32 ||    80
Dodge: Dodged            |    36 |    10 ||    46
Block: Shield            |    54 |    25 ||    79
       Rpst.: Long sword |     7 |     2 ||     9
